 Dungeon Crawl Stone Soup version 0.19.3-4-gbf9329e (webtiles) character file.

261 protoss039 the Shield-Bearer (level 5, -1/47 HPs)
             Began as a Minotaur Fighter on Jan 29, 2017.
             Slain by a gnoll
             ... wielding a +0 spear
              (3 damage)
             ... on level 4 of the Dungeon.
             The game lasted 00:07:28 (1965 turns).

protoss039 the Shield-Bearer (Minotaur Fighter)     Turns: 1965, Time: 00:07:28

Health: -1/47      AC:  7    Str: 27    XL:     5   Next: 96%
Magic:  4/4        EV:  8    Int:  5    God:
Gold:   93         SH: 10    Dex:  9    Spells: 0 memorised, 4 levels left

rFire  . . .     SeeInvis .     a - +0 war axe
rCold  . . .     Gourm    .     b - +0 scale mail
rNeg   . . .     Faith    .     c - +0 shield
rPois  .         Spirit   .     (helmet restricted)
rElec  .         Reflect  .     (no cloak)
rCorr  .         Harm     .     (no gloves)
MR     .....                    (no boots)
Stlth  ..........               (no amulet)
                                (no ring)
                                (no ring)

@: mighty, lethally poisoned (-1 -> -9)
A: retaliatory headbutt, horns 2
a: no special abilities


You were on level 4 of the Dungeon.
You were hungry.

You visited 1 branch of the dungeon, and saw 4 of its levels.
You also visited: Sewer.

You collected 93 gold pieces.

Inventory:

Hand Weapons
 a - a +0 war axe (weapon)
 x - a +0 club
Missiles
 p - 5 poisoned javelins (quivered)
Armour
 b - a +0 scale mail (worn)
 c - a +0 shield (worn)
Jewellery
 e - a cursed ring of teleportation {unknown}
 g - an uncursed amulet of the gourmand {unknown}
Scrolls
 h - 3 scrolls of teleportation {unknown}
 i - 2 scrolls of random uselessness {unknown}
 j - a scroll of remove curse {unknown}
 k - 2 scrolls of enchant weapon {unknown}
 l - 2 scrolls of identify {unknown}
 n - 2 scrolls of fog {unknown}
 q - a scroll of recharging {unknown}
 u - a scroll of immolation {unknown}
 v - 2 scrolls of magic mapping {unknown}
Potions
 m - 2 potions of flight {unknown}
 o - 2 potions of heal wounds {unknown}
 r - 3 potions of curing {unknown}
 s - 2 potions of brilliance {unknown}
 t - 2 potions of berserk rage {unknown}
Comestibles
 f - 2 bread rations
 z - a meat ration


   Skills:
 + Level 4.4 Fighting
 + Level 5.1 Axes
 + Level 4.6 Armour
 + Level 1.2 Dodging
 + Level 5.1 Shields


You had 4 spell levels left.
You didn't know any spells.

Dungeon Overview and Level Annotations

Branches:
Dungeon (4/15)
 Temple: D:4-7

Altars:
Dithmenos
Sif Muna


Innate Abilities, Weirdness & Mutations

You reflexively headbutt those who attack you in melee.
You have a pair of horns on your head.


Message History

You closely miss the gnoll. x2; You block the worker ant's attack.
You block the gnoll's attack.
The gnoll hits you from afar with a spear.
The gnoll closely misses you. The gnoll barely misses you.
The worker ant bites you but does no damage.
An orc comes into view. It is wielding a whip.
The orc shouts!
You slash the worker ant!
The worker ant is almost dead.
You barely miss the gnoll. You slash the gnoll!
You kill the gnoll!
The gnoll hits you! You block the gnoll's attack. The worker ant bites you.
* * * LOW HITPOINT WARNING * * *
You are poisoned.
The worker ant poisons you!
The gnoll hits you from afar with a halberd!
* * * LOW HITPOINT WARNING * * *
You block the gnoll's attack.
The gnoll hits you from afar with a spear.
You die...

### ....
.. #.#.
#. .o.
#.##..#
#...o.
#..gg#
#.goa#
#..@.#
#....#
#....#
#.##....#
#...<...#
####.##.#
##. .#
...# ####


You could see a worker ant, 3 gnolls and 3 orcs.

Vanquished Creatures
  A big kobold (Sewer)
  A gnoll (D:4)
  2 river rats (Sewer)
  7 adders
  6 oozes
  A worm (D:2)
  4 leopard geckos
  4 giant cockroaches
  9 goblins
  3 hobgoblins (D:1)
  4 jackals (D:1)
  3 ball pythons (Sewer)
  7 bats
  3 frilled lizards
  11 kobolds
  9 rats
75 creatures vanquished.

Vanquished Creatures (others)
  An orc wizard (D:3)
1 creature vanquished.

Grand Total: 76 creatures vanquished

Notes
Turn   | Place    | Note
-------+----------+-------------------------------------------
     0 | D:1      | protoss039 the Minotaur Fighter began the quest for the Orb.
     0 | D:1      | Reached XP level 1. HP: 19/19 MP: 0/0
    33 | D:1      | Reached XP level 2. HP: 23/27 MP: 1/1
   182 | D:1      | Reached XP level 3. HP: 33/33 MP: 2/2
   505 | D:2      | Reached XP level 4. HP: 39/40 MP: 3/3
   940 | D:2      | Found a shadowy altar of Dithmenos.
  1168 | D:3      | Found a glowing drain.
  1179 | Sewer    | Entered a sewer
  1188 | Sewer    | Reached XP level 5. HP: 39/46 MP: 4/4
  1260 | Sewer    | Reached skill level 5 in Axes
  1260 | Sewer    | Reached skill level 1 in Dodging
  1260 | Sewer    | Reached skill level 5 in Shields
  1725 | D:3      | Found a deep blue altar of Sif Muna.
  1965 | D:4      | HP: 2/47 [gnoll/halberd (12)]
  1965 | D:4      | Slain by a gnoll

Skill      XL: |  1  2  3  4  5 |
---------------+----------------+-----
Shields        | 4 5 |  5.1
Axes           | 3 4 5 |  5.1
Armour         | 4 |  4.6
Fighting       | 4 |  4.4
Dodging        | 1 |  1.2

Action                   |  1- 3 |  4- 6 || total
-------------------------+-------+-------++-------
Melee: War axe           |    76 |    93 ||   169
       Headbutt          |     7 |    10 ||    17
  Use: Potion            |       |     1 ||     1
  Eat: Chunk             |       |     3 ||     3
Armor: Scale mail        |    40 |    37 ||    77
Dodge: Dodged            |    36 |    39 ||    75
Block: Shield            |    44 |    61 ||   105
